 Dungeon Crawl Stone Soup version 0.31.0-4-g52a2dc7128 (webtiles) character file.

Game seed: 15102720082305452988

515 boopmooplesden the Covered (level 7, -4/57 HPs)
             Began as an Armataur Fighter on Jan 23, 2024.
             Slain by Edmund
             ... wielding a +1 heavy dire flail
              (20 damage)
             ... on level 4 of the Dungeon.
             The game lasted 00:05:26 (2906 turns).

boopmooplesden the Covered (Armataur Fighter)       Turns: 2906, Time: 00:05:27

Health: -4/57      AC:  9    Str: 24    XL:     7   Next: 0%
Magic:  7/7        EV:  8    Int:  8    God:
Gold:   194        SH:  4    Dex:  9    Spells: 6/6 levels left

rFire   . . .        a - +1 long sword
rCold   . . .        c - +0 buckler
rNeg    . . .        b - +0 scale mail
rPois   .            (no helmet)
rElec   .            (no cloak)
rCorr   .            f - +1 pair of gloves
SInv    .            (no barding)
Will    .....        (no amulet) Stlth
                     (no ring)
HPRegen 0.29/turn    (no ring)
MPRegen 0.10/turn

%: roll
@: no status effects
A: large, deformed body, tough skin 3, armoured tail, roll 2
a: no special abilities


You were on level 4 of the Dungeon.
You visited 1 branch of the dungeon, and saw 5 of its levels.
You also visited: Sewer.

You collected 194 gold pieces.

Inventory:

Hand Weapons
 a - a +1 long sword (weapon)
Missiles
 q - 2 boomerangs (quivered)
Armour
 b - a +0 scale mail (worn)
 c - a +0 buckler (worn)
 d - a +0 pair of boots
 f - a +1 pair of gloves (worn)
Jewellery
 h - a ring of see invisible
 o - a +4 ring of protection
Talismans
 l - a maw talisman
Scrolls
 g - 5 scrolls of identify
 j - 4 scrolls of teleportation
Potions
 e - a potion of lignification {unknown}
 i - 2 potions of brilliance {unknown}
 k - 3 potions of magic
 m - a potion of heal wounds
 n - a potion of resistance {unknown}
 p - 2 potions of berserk rage {unknown}
 s - a potion of invisibility {unknown}


   Skills:
 + Level 3.5 Fighting
 + Level 4.4 Long Blades
 + Level 5.4 Armour
 + Level 1.4 Dodging
 + Level 4.7 Shields


You had 6 spell levels left.
You didn't know any spells.
Your spell library was empty.

Dungeon Overview and Level Annotations

Branches:
Dungeon (5/15)              Sewer (visited)
 Temple: D:4-7

Altars:
Fedhas
Gozag
The Shining One

Shops:
D:3 =

Annotations:
D:4 Edmund


Innate Abilities, Weirdness & Mutations

Armour fits poorly on your strangely shaped body.
You have extremely tough skin. (AC +3)
You have a long armoured tail.
You regenerate magic and health when rolling toward enemies. (Rampage Regen)


Message History

You block the hobgoblin's attack.
You hit the hobgoblin.
The hobgoblin is almost dead.
The hobgoblin closely misses you.
You closely miss the hobgoblin.
The hobgoblin is almost dead.
Edmund hits you with a +1 heavy dire flail.
The hobgoblin barely misses you.
You hit the hobgoblin but do no damage.
The hobgoblin is almost dead.
The hobgoblin hits you but does no damage.
Edmund hits you with a +1 heavy dire flail!
You hit the hobgoblin.
You kill the hobgoblin!
Edmund hits you with a +1 heavy dire flail!
Edmund hits you with a +1 heavy dire flail!
* * * LOW HITPOINT WARNING * * *
You feel much better.
You completely miss Edmund.
Edmund hits you with a +1 heavy dire flail!
You hit Edmund but do no damage. Edmund barely misses you.
You hit Edmund.
Edmund is lightly wounded.
Edmund hits you but does no damage.
You closely miss Edmund.
Edmund is lightly wounded.
Edmund hits you with a +1 heavy dire flail!!
* * * LOW HITPOINT WARNING * * *
You hit Edmund but do no damage.
Edmund is lightly wounded.
You hit Edmund but do no damage.
Edmund is lightly wounded.
Edmund barely misses you.
You hear a distant slurping noise.
Edmund attacks as he pursues you! Edmund barely misses you.
Edmund closely misses you. Edmund attacks as he pursues you!
Edmund hits you with a +1 heavy dire flail!!
You die...
Edmund whines, "They better pay attention to me now!"

....####...#####..##..........#.#
..### #...# #..##......###.#.#
... ..#### #..##.......##.#†# #.#
##. #..##.......##<#.# #.# #.
#..########.####.# #.# #.
#######..#### #)# #.# #.# #.
............# #.####.#
######..###.# #......# #.@###.##
######## #..@....# #...#####
#.[.# ##... ..... ...... ###.....
#.....


You could see Edmund.

Vanquished Creatures
  An ice beast (D:4)
  2 kobold brigands (Sewer)
  A scorpion (D:5)
  An iguana (D:4)
  An orc wizard (D:3)
  8 adders
  2 dart slugs
  4 ribbon worms
  7 orcs
  8 bats
  6 endoplasms
  7 giant cockroaches
  6 goblins
  5 hobgoblins
  6 jackals (D:1)
  A quokka (D:2)
  8 ball pythons
  4 frilled lizards
  17 kobolds
  6 rats
101 creatures vanquished.

Notes
Turn   | Place    | Note
-------+----------+-------------------------------------------
     0 | D:1      | boopmooplesden the Armataur Fighter began the quest for the
                  | Orb.
     0 | D:1      | Reached XP level 1. HP: 18/18 MP: 1/1
   151 | D:1      | Reached XP level 2. HP: 25/25 MP: 2/2
   163 | D:1      | Reached skill level 4 in Armour
   769 | D:2      | Reached XP level 3. HP: 27/30 MP: 3/3
   807 | D:2      | Found a glowing golden altar of the Shining One.
  1313 | D:2      | Reached XP level 4. HP: 37/38 MP: 4/4
  1665 | D:3      | Reached XP level 5. HP: 45/45 MP: 5/5
  1695 | D:3      | Found Zuur's Jewellery Boutique.
  1774 | D:3      | Found an opulent altar of Gozag.
  2054 | D:3      | You fall into a shaft and drop 2 floors!
  2054 | D:5      | Entered Level 5 of the Dungeon
  2135 | D:4      | Noticed an ice beast
  2143 | D:4      | Killed an ice beast
  2144 | D:4      | Reached skill level 1 in Dodging
  2144 | D:4      | Reached XP level 6. HP: 35/51 MP: 6/6
  2158 | D:4      | Found a blossoming altar of Fedhas.
  2201 | D:4      | Found a glowing drain.
  2247 | Sewer    | Entered a sewer
  2437 | Sewer    | Reached skill level 5 in Armour
  2780 | D:4      | Gained mutation: You regenerate magic and health when
                  | rolling toward enemies. (Rampage Regen) [Armataur growth]
  2780 | D:4      | Reached XP level 7. HP: 55/57 MP: 7/7
  2879 | D:4      | Noticed Edmund
  2906 | D:4      | Slain by Edmund

Illustrated notes

Levels and vault maps discovered:
D:1:      tarquinn_simple_flora_water_f, layout_basic, minmay_misc_feat_x
D:2:      layout_basic, basic_altar
D:3:      layout_loops_ring, mainiacjoe_overflow_small_starburst, serial_shops,
          nicolae_shop_gaudy_bauble, uniq_crazy_yiuf_cottage
D:4:      layout_basic, amcnicky_altar_gilded, serial_shops, shop, shop, shop,
          gup_sewer_entry_glass, nicolae_twisty_statue_hallways, uniq_edmund,
          uniq_sigmund
D:5:      layout_layer_cave, nicolae_tso_swordbearing_angel,
          minmay_temple_entry_overgrown, uniq_ijyb, uniq_duvessa

Skill      XL: |  1  2  3  4  5  6 |
---------------+-------------------+-----
Long Blades    | 2 3 4 |  4.4
Armour         | 4 5 |  5.4
Fighting       | 3 |  3.5
Shields        | 4 |  4.7
Dodging        | 1 |  1.4

Action                     |  1- 3 |  4- 6 |  7- 9 || total
---------------------------+-------+-------+-------++-------
  Melee: Long sword        |   154 |   246 |    13 ||   413
         Tailslap          |    11 |    29 |       ||    40
  Throw: Boomerang         |       |     1 |       ||     1
    Use: Scroll            |     3 |     5 |       ||     8
         Potion            |       |     2 |     1 ||     3
 Armour: Scale mail        |   161 |   225 |    13 ||   399
  Dodge: Dodged            |    64 |    94 |     7 ||   165
  Block: Buckler           |    30 |    52 |     1 ||    83
